[ PARTIDA AOE2 · #494809844 ]
UnrankedJemeres vs Turks
[ ANÁLISIS DE REPETICIÓN · EXTRAÍDO DE LA PARTIDA GRABADA ]
Feudal
13:00
Castillos
16:33
Imperial
28:50
| APM promedio | 38.2 |
| APM pico | 72 |
| eAPM promedio | 27.7 |
| Aldeanos / militares | 187 / 132 |
Foco
⚔️ 37.9% · 🌾 62.1%
Knight ×132 · Fishing Ship ×8
Feudal
13:02
Castillos
16:46
Imperial
—
| APM promedio | 39.4 |
| APM pico | 69 |
| eAPM promedio | 22.6 |
| Aldeanos / militares | 186 / 76 |
Foco
⚔️ 23.6% · 🌾 76.4%
Cavalry Archer ×76
Feudal
13:47
Castillos
17:51
Imperial
—
| APM promedio | 30.4 |
| APM pico | 62 |
| eAPM promedio | 18.6 |
| Aldeanos / militares | 108 / 44 |
Foco
⚔️ 21.6% · 🌾 78.4%
Camel Scout ×26 · Scout Cavalry ×16 · Fishing Ship ×10 · Demolition Raft ×2
Feudal
14:05
Castillos
17:46
Imperial
—
| APM promedio | 29.8 |
| APM pico | 70 |
| eAPM promedio | 23.3 |
| Aldeanos / militares | 166 / 2 |
Foco
⚔️ 22.3% · 🌾 77.7%
Spearman ×2
Feudal
13:56
Castillos
17:51
Imperial
—
| APM promedio | 41.3 |
| APM pico | 70 |
| eAPM promedio | 18.6 |
| Aldeanos / militares | 110 / 45 |
Foco
⚔️ 25.1% · 🌾 74.9%
Bolas Rider ×42 · Monk ×2 · Kona ×1
Feudal
13:23
Castillos
17:05
Imperial
34:21
| APM promedio | 41.5 |
| APM pico | 71 |
| eAPM promedio | 24.6 |
| Aldeanos / militares | 164 / 47 |
Foco
⚔️ 34.5% · 🌾 65.5%
Chu Ko Nu ×47
Feudal
11:16
Castillos
25:39
Imperial
—
| APM promedio | 34.8 |
| APM pico | 62 |
| eAPM promedio | 19.3 |
| Aldeanos / militares | 77 / 64 |
Foco
⚔️ 36.9% · 🌾 63.1%
Scout Cavalry ×30 · Magyar Huszar ×17 · Battering Ram ×8 · Scorpion ×6 · Monk ×3
Feudal
15:49
Castillos
20:33
Imperial
—
| APM promedio | 29.4 |
| APM pico | 75 |
| eAPM promedio | 18.8 |
| Aldeanos / militares | 87 / 40 |
Foco
⚔️ 30.7% · 🌾 69.3%
Kipchak ×36 · Fishing Ship ×5 · Battering Ram ×4
Mapa de la partida
Recursos iniciales + cada clic de construcción. Líneas = muros · curvas = relieve. ◆ oro · ⬟ piedra · ● bayas · ✦ reliquia · ◌ hueco del cierre
Tu base· Abierta — hueco de 8t
Base de 穿吊尬開瑪莎· Abierta — flanco sin cerrar
Base de UrielFlocru· Abierta — flanco sin cerrar
Base de Nheltarion· Abierta — flanco sin cerrar
Base de 一剑扫秋风nelson· Abierta — hueco de 5t
Base de _TieuQuy· Abierta — flanco sin cerrar
Base de 0.o· Abierta — flanco sin cerrar
Base de Long-Long-Way· Abierta — flanco sin cerrar
Terreno inicial suavizado · ◌ = hueco del cierre detectado · pasá el cursor para detalles
Inputs por minuto
— 一坑三实力 - - 穿吊尬開瑪莎
Build order — 一坑三实力
Primeras 150 de 482 acciones detectadas
| 0:12 | Construir | Town Center |
| 1:26 | Construir | House |
| 2:29 | Crear | Villager (Male) |
| 2:30 | Crear | Villager (Male) |
| 2:30 | Crear | Villager (Male) |
| 2:30 | Crear | Villager (Male) |
| 3:01 | Construir | House |
| 3:25 | Crear | Villager (Male) |
| 3:26 | Crear | Villager (Male) |
| 4:01 | Construir | Lumber Camp |
| 4:02 | Crear | Villager (Male) |
| 4:03 | Crear | Villager (Male) |
| 4:03 | Crear | Villager (Male) |
| 4:21 | Crear | Villager (Male) |
| 4:35 | Construir | House |
| 5:01 | Crear | Villager (Male) |
| 5:01 | Crear | Villager (Male) |
| 5:25 | Construir | House |
| 5:34 | Crear | Villager (Male) |
| 5:34 | Crear | Villager (Male) |
| 5:40 | Crear | Villager (Male) |
| 5:40 | Crear | Villager (Male) |
| 6:19 | Crear | Villager (Male) |
| 6:19 | Crear | Villager (Male) |
| 6:52 | Crear | Villager (Male) |
| 6:52 | Crear | Villager (Male) |
| 7:04 | Crear | Villager (Male) |
| 7:22 | Construir | House |
| 7:34 | Crear | Villager (Male) |
| 7:52 | Construir | House |
| 8:04 | Crear | Villager (Male) |
| 8:09 | Construir | House |
| 8:25 | Construir | House |
| 8:35 | Construir | Dock |
| 8:42 | Construir | House |
| 9:01 | Construir | Mining Camp |
| 9:03 | Crear | Villager (Male) |
| 9:17 | Crear | Fishing Ship |
| 9:22 | Crear | Villager (Male) |
| 9:29 | Crear | Villager (Male) |
| 9:49 | Crear | Fishing Ship |
| 10:09 | Construir | House |
| 10:17 | Crear | Villager (Male) |
| 10:29 | Crear | Fishing Ship |
| 10:41 | Investigar | Feudal Age |
| 10:41 | Investigar | Feudal Age |
| 11:08 | Crear | Fishing Ship |
| 11:46 | Construir | Mill |
| 12:13 | Crear | Fishing Ship |
| 12:22 | Construir | House |
| 12:53 | Crear | Fishing Ship |
| 12:58 | Crear | Villager (Male) |
| 13:00 | Edad | Edad Feudal |
| 13:01 | Investigar | Loom |
| 13:53 | Investigar | Castle Age |
| 13:53 | Investigar | Castle Age |
| 14:24 | Investigar | Double-Bit Axe |
| 14:24 | Investigar | Double-Bit Axe |
| 14:39 | Construir | House |
| 14:41 | Construir | Palisade Wall |
| 14:56 | Investigar | Horse Collar |
| 14:56 | Investigar | Horse Collar |
| 15:06 | Crear | Fishing Ship |
| 15:22 | Construir | Fish Trap |
| 15:29 | Construir | Fish Trap |
| 15:46 | Crear | Villager (Male) |
| 16:09 | Construir | Fish Trap |
| 16:14 | Construir | Fish Trap |
| 16:30 | Crear | Villager (Male) |
| 16:33 | Edad | Edad de los Castillos |
| 16:52 | Crear | Villager (Male) |
| 16:55 | Construir | Town Center |
| 17:12 | Investigar | Town Watch |
| 17:20 | Crear | Villager (Male) |
| 17:37 | Crear | Villager (Male) |
| 17:50 | Crear | Villager (Male) |
| 17:56 | Crear | Villager (Male) |
| 18:01 | Crear | Villager (Male) |
| 18:03 | Construir | Town Center |
| 18:05 | Crear | Villager (Male) |
| 18:15 | Investigar | Wheelbarrow |
| 18:20 | Investigar | Bow Saw |
| 18:20 | Investigar | Bow Saw |
| 18:20 | Investigar | Bow Saw |
| 18:21 | Crear | Villager (Male) |
| 18:21 | Crear | Villager (Male) |
| 18:25 | Crear | Villager (Male) |
| 18:26 | Crear | Villager (Male) |
| 18:48 | Crear | Villager (Male) |
| 18:49 | Crear | Villager (Male) |
| 18:58 | Investigar | Heavy Plow |
| 18:58 | Investigar | Heavy Plow |
| 19:03 | Crear | Villager (Male) |
| 19:03 | Crear | Villager (Male) |
| 19:13 | Construir | Fish Trap |
| 19:15 | Crear | Fishing Ship |
| 19:18 | Crear | Villager (Male) |
| 19:19 | Crear | Villager (Male) |
| 19:32 | Construir | Farm |
| 19:32 | Construir | Farm |
| 19:32 | Construir | Farm |
| 19:33 | Construir | Farm |
| 19:44 | Crear | Villager (Male) |
| 19:44 | Crear | Villager (Male) |
| 19:44 | Crear | Villager (Male) |
| 19:51 | Crear | Villager (Male) |
| 19:51 | Crear | Villager (Male) |
| 19:55 | Crear | Villager (Male) |
| 19:55 | Crear | Villager (Male) |
| 20:14 | Crear | Villager (Male) |
| 20:14 | Crear | Villager (Male) |
| 20:15 | Crear | Villager (Male) |
| 20:20 | Crear | Villager (Male) |
| 20:20 | Crear | Villager (Male) |
| 20:22 | Crear | Villager (Male) |
| 20:23 | Crear | Villager (Male) |
| 20:23 | Crear | Villager (Male) |
| 20:23 | Crear | Villager (Male) |
| 20:33 | Crear | Villager (Male) |
| 20:33 | Crear | Villager (Male) |
| 20:39 | Construir | Fish Trap |
| 20:43 | Construir | Fish Trap |
| 20:48 | Construir | Fish Trap |
| 20:49 | Crear | Villager (Male) |
| 20:50 | Crear | Villager (Male) |
| 20:50 | Crear | Villager (Male) |
| 20:51 | Crear | Villager (Male) |
| 20:56 | Construir | House |
| 21:07 | Crear | Villager (Male) |
| 21:07 | Crear | Villager (Male) |
| 21:14 | Construir | Town Center |
| 21:22 | Investigar | Tech 906 |
| 21:22 | Investigar | Tech 906 |
| 21:24 | Crear | Villager (Male) |
| 21:24 | Crear | Villager (Male) |
| 21:28 | Crear | Villager (Male) |
| 21:37 | Crear | Villager (Male) |
| 21:38 | Crear | Villager (Male) |
| 21:38 | Crear | Villager (Male) |
| 21:41 | Construir | House |
| 21:42 | Construir | House |
| 21:44 | Crear | Villager (Male) |
| 21:49 | Construir | Farm |
| 21:51 | Construir | Farm |
| 22:03 | Construir | Lumber Camp |
| 22:04 | Crear | Villager (Male) |
| 22:07 | Construir | House |
| 22:08 | Crear | Villager (Male) |
| 22:10 | Crear | Villager (Male) |
| 22:16 | Construir | Farm |
Build order — 穿吊尬開瑪莎
Primeras 150 de 424 acciones detectadas
| 0:29 | Construir | Town Center |
| 2:19 | Construir | House |
| 2:33 | Crear | Villager (Male) |
| 2:33 | Crear | Villager (Male) |
| 2:34 | Crear | Villager (Male) |
| 2:34 | Crear | Villager (Male) |
| 2:34 | Crear | Villager (Male) |
| 2:34 | Crear | Villager (Male) |
| 3:12 | Construir | House |
| 4:23 | Crear | Villager (Male) |
| 4:23 | Crear | Villager (Male) |
| 4:35 | Crear | Villager (Male) |
| 5:01 | Crear | Villager (Male) |
| 5:03 | Construir | House |
| 5:16 | Construir | House |
| 5:27 | Crear | Villager (Male) |
| 5:28 | Crear | Villager (Male) |
| 5:30 | Construir | House |
| 5:43 | Construir | House |
| 6:11 | Crear | Villager (Male) |
| 6:11 | Crear | Villager (Male) |
| 6:16 | Construir | House |
| 6:31 | Crear | Villager (Male) |
| 6:50 | Construir | House |
| 6:53 | Crear | Villager (Male) |
| 6:53 | Crear | Villager (Male) |
| 7:09 | Crear | Villager (Male) |
| 7:10 | Crear | Villager (Male) |
| 7:18 | Construir | Mill |
| 7:26 | Crear | Villager (Male) |
| 7:26 | Crear | Villager (Male) |
| 8:10 | Crear | Villager (Male) |
| 8:10 | Crear | Villager (Male) |
| 8:10 | Crear | Villager (Male) |
| 8:11 | Crear | Villager (Male) |
| 8:27 | Crear | Villager (Male) |
| 8:27 | Crear | Villager (Male) |
| 8:33 | Construir | House |
| 8:56 | Construir | House |
| 9:11 | Crear | Villager (Male) |
| 9:11 | Crear | Villager (Male) |
| 9:21 | Crear | Villager (Male) |
| 9:21 | Crear | Villager (Male) |
| 9:57 | Construir | House |
| 10:05 | Crear | Villager (Male) |
| 10:05 | Crear | Villager (Male) |
| 10:17 | Construir | Mining Camp |
| 10:30 | Crear | Villager (Male) |
| 10:30 | Crear | Villager (Male) |
| 10:32 | Crear | Villager (Male) |
| 10:32 | Crear | Villager (Male) |
| 10:33 | Crear | Villager (Male) |
| 10:58 | Investigar | Feudal Age |
| 11:04 | Crear | Villager (Male) |
| 11:14 | Construir | House |
| 11:56 | Construir | Barracks |
| 12:40 | Investigar | Loom |
| 12:44 | Crear | Villager (Male) |
| 13:02 | Edad | Edad Feudal |
| 13:04 | Construir | Stable |
| 13:06 | Construir | Blacksmith |
| 13:22 | Construir | House |
| 13:43 | Crear | Villager (Male) |
| 14:20 | Investigar | Castle Age |
| 14:21 | Investigar | Castle Age |
| 14:27 | Construir | House |
| 14:45 | Construir | Lumber Camp |
| 14:47 | Investigar | Gold Mining |
| 15:32 | Construir | Archery Range |
| 15:37 | Construir | Archery Range |
| 15:39 | Construir | Archery Range |
| 15:48 | Investigar | Double-Bit Axe |
| 16:08 | Crear | Villager (Male) |
| 16:26 | Investigar | Fletching |
| 16:32 | Construir | House |
| 16:35 | Construir | Palisade Wall |
| 16:36 | Construir | Palisade Wall |
| 16:37 | Construir | Palisade Wall |
| 16:41 | Construir | Palisade Wall |
| 16:46 | Edad | Edad de los Castillos |
| 16:59 | Crear | Cavalry Archer |
| 17:03 | Crear | Villager (Male) |
| 17:10 | Construir | Town Center |
| 17:32 | Crear | Villager (Male) |
| 17:34 | Crear | Cavalry Archer |
| 17:35 | Crear | Villager (Male) |
| 17:35 | Crear | Villager (Male) |
| 17:49 | Crear | Cavalry Archer |
| 17:49 | Crear | Villager (Male) |
| 18:02 | Investigar | Horse Collar |
| 18:06 | Construir | Farm |
| 18:06 | Construir | Farm |
| 18:23 | Crear | Cavalry Archer |
| 18:23 | Crear | Cavalry Archer |
| 18:32 | Crear | Villager (Male) |
| 18:32 | Crear | Villager (Male) |
| 18:49 | Crear | Cavalry Archer |
| 18:52 | Crear | Villager (Male) |
| 19:03 | Construir | Farm |
| 19:03 | Construir | Farm |
| 19:11 | Crear | Cavalry Archer |
| 19:13 | Crear | Villager (Male) |
| 19:23 | Crear | Villager (Male) |
| 19:32 | Crear | Cavalry Archer |
| 19:49 | Construir | Farm |
| 19:50 | Construir | Farm |
| 19:50 | Construir | Farm |
| 19:50 | Construir | Farm |
| 19:51 | Crear | Villager (Male) |
| 19:51 | Crear | Villager (Male) |
| 20:06 | Crear | Cavalry Archer |
| 20:27 | Construir | Farm |
| 20:28 | Construir | Farm |
| 20:28 | Construir | Farm |
| 20:28 | Crear | Villager (Male) |
| 20:29 | Crear | Villager (Male) |
| 20:34 | Construir | House |
| 20:50 | Construir | Farm |
| 20:50 | Construir | Farm |
| 20:51 | Construir | Farm |
| 21:10 | Crear | Villager (Male) |
| 21:16 | Crear | Villager (Male) |
| 21:20 | Crear | Villager (Male) |
| 21:20 | Crear | Villager (Male) |
| 21:33 | Crear | Cavalry Archer |
| 21:37 | Crear | Villager (Male) |
| 21:37 | Crear | Villager (Male) |
| 21:44 | Construir | House |
| 21:45 | Crear | Villager (Male) |
| 21:54 | Construir | Town Center |
| 21:56 | Crear | Villager (Male) |
| 21:57 | Crear | Villager (Male) |
| 22:02 | Crear | Cavalry Archer |
| 22:03 | Crear | Cavalry Archer |
| 22:15 | Crear | Villager (Male) |
| 22:15 | Crear | Villager (Male) |
| 22:23 | Crear | Villager (Male) |
| 22:27 | Crear | Villager (Male) |
| 22:31 | Construir | House |
| 22:32 | Construir | House |
| 22:33 | Crear | Villager (Male) |
| 22:43 | Crear | Villager (Male) |
| 22:44 | Crear | Cavalry Archer |
| 22:45 | Crear | Cavalry Archer |
| 23:03 | Crear | Villager (Male) |
| 23:07 | Crear | Villager (Male) |
| 23:21 | Construir | Market |
| 23:29 | Crear | Villager (Male) |
| 23:29 | Crear | Villager (Male) |
| 23:38 | Crear | Villager (Male) |
Build order — UrielFlocru
Primeras 150 de 280 acciones detectadas
| 0:10 | Construir | Town Center |
| 1:37 | Construir | Lumber Camp |
| 1:47 | Construir | House |
| 2:32 | Crear | Villager (Male) |
| 2:32 | Crear | Villager (Male) |
| 2:33 | Crear | Villager (Male) |
| 2:33 | Crear | Villager (Male) |
| 2:33 | Crear | Villager (Male) |
| 3:54 | Crear | Villager (Male) |
| 3:55 | Crear | Villager (Male) |
| 4:12 | Crear | Villager (Male) |
| 4:12 | Crear | Villager (Male) |
| 4:31 | Crear | Villager (Male) |
| 4:31 | Crear | Villager (Male) |
| 4:45 | Construir | House |
| 5:09 | Crear | Villager (Male) |
| 5:09 | Crear | Villager (Male) |
| 5:15 | Construir | Lumber Camp |
| 5:21 | Crear | Villager (Male) |
| 5:21 | Crear | Villager (Male) |
| 5:57 | Crear | Villager (Male) |
| 5:57 | Crear | Villager (Male) |
| 6:43 | Crear | Villager (Male) |
| 6:43 | Crear | Villager (Male) |
| 6:43 | Crear | Villager (Male) |
| 6:50 | Crear | Villager (Male) |
| 6:50 | Crear | Villager (Male) |
| 6:55 | Construir | House |
| 7:17 | Crear | Villager (Male) |
| 7:17 | Crear | Villager (Male) |
| 7:28 | Crear | Villager (Male) |
| 7:45 | Crear | Villager (Male) |
| 7:45 | Crear | Villager (Male) |
| 8:13 | Crear | Villager (Male) |
| 8:13 | Crear | Villager (Male) |
| 8:46 | Construir | House |
| 8:59 | Construir | Dock |
| 9:14 | Construir | House |
| 9:21 | Crear | Villager (Male) |
| 9:37 | Crear | Fishing Ship |
| 9:37 | Crear | Fishing Ship |
| 10:22 | Crear | Villager (Male) |
| 10:27 | Construir | Mill |
| 10:42 | Crear | Villager (Male) |
| 10:52 | Investigar | Loom |
| 11:02 | Crear | Fishing Ship |
| 11:27 | Investigar | Feudal Age |
| 11:38 | Construir | Mining Camp |
| 12:47 | Construir | House |
| 13:23 | Crear | Villager (Male) |
| 13:30 | Construir | House |
| 13:38 | Crear | Fishing Ship |
| 13:38 | Crear | Fishing Ship |
| 13:47 | Edad | Edad Feudal |
| 14:05 | Construir | Blacksmith |
| 14:09 | Construir | Market |
| 14:16 | Crear | Villager (Male) |
| 14:42 | Crear | Villager (Male) |
| 15:02 | Crear | Fishing Ship |
| 15:11 | Investigar | Castle Age |
| 15:12 | Investigar | Castle Age |
| 15:29 | Construir | Barracks |
| 16:19 | Crear | Villager (Male) |
| 16:25 | Construir | Farm |
| 16:25 | Construir | Farm |
| 16:25 | Construir | Farm |
| 16:25 | Construir | Farm |
| 16:47 | Crear | Villager (Male) |
| 17:16 | Construir | Palisade Wall |
| 17:18 | Construir | Palisade Wall |
| 17:26 | Crear | Villager (Male) |
| 17:30 | Construir | Stable |
| 17:44 | Construir | House |
| 17:46 | Crear | Fishing Ship |
| 17:51 | Edad | Edad de los Castillos |
| 18:06 | Construir | Town Center |
| 18:12 | Construir | House |
| 18:20 | Crear | Scout Cavalry |
| 18:20 | Crear | Scout Cavalry |
| 18:27 | Investigar | Scale Barding Armor |
| 18:33 | Construir | Fish Trap |
| 18:43 | Crear | Villager (Male) |
| 18:47 | Crear | Villager (Male) |
| 19:01 | Investigar | Double-Bit Axe |
| 19:01 | Investigar | Double-Bit Axe |
| 19:23 | Construir | Fish Trap |
| 19:26 | Crear | Villager (Male) |
| 19:34 | Crear | Villager (Male) |
| 19:34 | Crear | Villager (Male) |
| 19:38 | Construir | Farm |
| 19:39 | Construir | Farm |
| 19:39 | Construir | Farm |
| 19:39 | Construir | Farm |
| 19:39 | Construir | Farm |
| 19:40 | Construir | Farm |
| 19:40 | Construir | Farm |
| 20:00 | Construir | Fish Trap |
| 20:03 | Crear | Villager (Male) |
| 20:04 | Crear | Villager (Male) |
| 20:17 | Crear | Villager (Male) |
| 20:17 | Crear | Villager (Male) |
| 20:21 | Construir | Farm |
| 20:22 | Construir | Farm |
| 20:22 | Construir | Farm |
| 20:22 | Construir | Farm |
| 20:22 | Construir | Farm |
| 20:30 | Construir | Farm |
| 20:40 | Construir | Farm |
| 20:41 | Crear | Villager (Male) |
| 20:41 | Crear | Villager (Male) |
| 20:53 | Crear | Villager (Male) |
| 20:54 | Crear | Villager (Male) |
| 20:58 | Construir | Fish Trap |
| 21:06 | Crear | Villager (Male) |
| 21:21 | Construir | Fish Trap |
| 21:25 | Construir | Fish Trap |
| 21:28 | Crear | Villager (Male) |
| 21:28 | Crear | Villager (Male) |
| 21:42 | Crear | Scout Cavalry |
| 21:45 | Investigar | Forging |
| 21:49 | Crear | Villager (Male) |
| 21:53 | Construir | Stable |
| 21:55 | Crear | Villager (Male) |
| 22:11 | Crear | Fishing Ship |
| 22:17 | Construir | House |
| 22:18 | Construir | House |
| 22:21 | Investigar | Horse Collar |
| 22:25 | Crear | Scout Cavalry |
| 22:42 | Crear | Villager (Male) |
| 22:44 | Crear | Villager (Male) |
| 22:45 | Crear | Villager (Male) |
| 22:50 | Construir | Town Center |
| 23:03 | Crear | Villager (Male) |
| 23:04 | Crear | Villager (Male) |
| 23:04 | Crear | Villager (Male) |
| 23:12 | Construir | Palisade Wall |
| 23:16 | Crear | Villager (Male) |
| 23:17 | Crear | Villager (Male) |
| 23:17 | Crear | Villager (Male) |
| 23:28 | Construir | Fish Trap |
| 23:32 | Crear | Fishing Ship |
| 23:34 | Crear | Fishing Ship |
| 23:35 | Crear | Villager (Male) |
| 23:41 | Construir | House |
| 23:42 | Construir | House |
| 23:43 | Construir | House |
| 23:44 | Construir | House |
| 23:45 | Construir | House |
| 23:47 | Crear | Villager (Male) |
| 23:49 | Crear | Scout Cavalry |
Build order — Nheltarion
Primeras 150 de 291 acciones detectadas
| 0:48 | Construir | Town Center |
| 1:19 | Construir | House |
| 3:10 | Crear | Villager (Male) |
| 3:10 | Crear | Villager (Male) |
| 3:10 | Crear | Villager (Male) |
| 3:11 | Crear | Villager (Male) |
| 3:11 | Crear | Villager (Male) |
| 3:53 | Construir | House |
| 3:59 | Crear | Villager (Male) |
| 3:59 | Crear | Villager (Male) |
| 4:37 | Crear | Villager (Male) |
| 4:38 | Crear | Villager (Male) |
| 4:57 | Construir | House |
| 5:11 | Crear | Villager (Male) |
| 5:11 | Crear | Villager (Male) |
| 5:32 | Construir | Lumber Camp |
| 5:33 | Crear | Villager (Male) |
| 5:35 | Construir | House |
| 5:37 | Construir | House |
| 5:43 | Crear | Villager (Male) |
| 5:43 | Crear | Villager (Male) |
| 6:18 | Construir | House |
| 6:24 | Crear | Villager (Male) |
| 6:34 | Crear | Villager (Male) |
| 6:34 | Crear | Villager (Male) |
| 6:48 | Construir | House |
| 6:53 | Crear | Villager (Male) |
| 6:53 | Crear | Villager (Male) |
| 7:28 | Crear | Villager (Male) |
| 7:29 | Crear | Villager (Male) |
| 7:42 | Crear | Villager (Male) |
| 7:43 | Crear | Villager (Male) |
| 8:11 | Crear | Villager (Male) |
| 8:12 | Crear | Villager (Male) |
| 8:12 | Crear | Villager (Male) |
| 8:23 | Crear | Villager (Male) |
| 8:24 | Crear | Villager (Male) |
| 8:38 | Crear | Villager (Male) |
| 8:38 | Crear | Villager (Male) |
| 9:13 | Crear | Villager (Male) |
| 9:15 | Crear | Villager (Male) |
| 9:41 | Crear | Villager (Male) |
| 10:40 | Construir | Mill |
| 10:41 | Crear | Villager (Male) |
| 11:02 | Construir | Mill |
| 11:19 | Investigar | Loom |
| 11:28 | Construir | Mining Camp |
| 11:41 | Investigar | Feudal Age |
| 11:41 | Investigar | Feudal Age |
| 12:09 | Crear | Villager (Male) |
| 12:09 | Crear | Villager (Male) |
| 14:05 | Edad | Edad Feudal |
| 14:08 | Construir | Market |
| 14:11 | Construir | Blacksmith |
| 14:21 | Investigar | Double-Bit Axe |
| 15:06 | Investigar | Castle Age |
| 15:07 | Investigar | Castle Age |
| 15:55 | Construir | Palisade Wall |
| 16:03 | Construir | Palisade Wall |
| 16:28 | Investigar | Horse Collar |
| 16:28 | Investigar | Horse Collar |
| 16:45 | Construir | House |
| 16:50 | Crear | Villager (Male) |
| 16:51 | Crear | Villager (Male) |
| 17:46 | Edad | Edad de los Castillos |
| 17:48 | Construir | Town Center |
| 18:00 | Construir | Town Center |
| 18:00 | Crear | Villager (Male) |
| 18:10 | Investigar | Bow Saw |
| 18:10 | Investigar | Bow Saw |
| 18:29 | Crear | Villager (Male) |
| 18:45 | Investigar | Heavy Plow |
| 18:45 | Investigar | Heavy Plow |
| 19:04 | Crear | Villager (Male) |
| 19:05 | Crear | Villager (Male) |
| 19:28 | Crear | Villager (Male) |
| 19:28 | Crear | Villager (Male) |
| 19:31 | Crear | Villager (Male) |
| 19:31 | Crear | Villager (Male) |
| 19:34 | Construir | Farm |
| 19:48 | Construir | Barracks |
| 19:57 | Crear | Villager (Male) |
| 19:57 | Crear | Villager (Male) |
| 20:16 | Crear | Villager (Male) |
| 20:16 | Crear | Villager (Male) |
| 20:30 | Construir | Watch Tower |
| 20:32 | Construir | Stone Wall |
| 20:53 | Crear | Villager (Male) |
| 20:55 | Crear | Spearman |
| 20:56 | Crear | Spearman |
| 21:19 | Crear | Villager (Male) |
| 21:21 | Construir | Archery Range |
| 21:31 | Crear | Villager (Male) |
| 21:31 | Crear | Villager (Male) |
| 21:57 | Construir | Farm |
| 21:58 | Construir | Farm |
| 22:04 | Construir | Lumber Camp |
| 22:37 | Construir | Farm |
| 22:43 | Construir | Farm |
| 22:45 | Construir | Farm |
| 22:56 | Crear | Villager (Male) |
| 23:04 | Crear | Villager (Male) |
| 23:05 | Crear | Villager (Male) |
| 23:06 | Crear | Villager (Male) |
| 23:26 | Construir | Farm |
| 23:46 | Construir | House |
| 23:50 | Construir | Palisade Wall |
| 23:56 | Crear | Villager (Male) |
| 23:56 | Crear | Villager (Male) |
| 24:06 | Crear | Villager (Male) |
| 24:06 | Crear | Villager (Male) |
| 24:34 | Construir | Town Center |
| 24:35 | Crear | Villager (Male) |
| 24:49 | Crear | Villager (Male) |
| 24:54 | Construir | House |
| 24:58 | Construir | House |
| 25:06 | Construir | House |
| 25:20 | Construir | Farm |
| 25:21 | Construir | Farm |
| 25:21 | Construir | Farm |
| 25:21 | Construir | Farm |
| 25:36 | Crear | Villager (Male) |
| 25:36 | Crear | Villager (Male) |
| 25:56 | Crear | Villager (Male) |
| 25:57 | Crear | Villager (Male) |
| 25:59 | Construir | Farm |
| 26:01 | Construir | Farm |
| 26:01 | Construir | Farm |
| 26:02 | Construir | Farm |
| 26:03 | Crear | Villager (Male) |
| 26:21 | Construir | Farm |
| 26:32 | Construir | House |
| 26:34 | Construir | House |
| 26:35 | Construir | House |
| 26:37 | Construir | House |
| 26:38 | Crear | Villager (Male) |
| 26:42 | Crear | Villager (Male) |
| 26:42 | Crear | Villager (Male) |
| 26:44 | Crear | Villager (Male) |
| 26:50 | Crear | Villager (Male) |
| 26:50 | Crear | Villager (Male) |
| 26:50 | Crear | Villager (Male) |
| 26:51 | Crear | Villager (Male) |
| 26:58 | Construir | Farm |
| 27:00 | Construir | Farm |
| 27:09 | Construir | Farm |
| 27:22 | Crear | Villager (Male) |
| 27:23 | Crear | Villager (Male) |
| 27:23 | Crear | Villager (Male) |
| 27:23 | Crear | Villager (Male) |
Build order — 一剑扫秋风nelson
Primeras 150 de 272 acciones detectadas
| 0:18 | Construir | Town Center |
| 1:24 | Construir | House |
| 2:45 | Construir | House |
| 2:51 | Crear | Villager (Male) |
| 2:51 | Crear | Villager (Male) |
| 2:52 | Crear | Villager (Male) |
| 3:18 | Crear | Villager (Male) |
| 4:28 | Construir | House |
| 4:37 | Crear | Villager (Male) |
| 4:37 | Crear | Villager (Male) |
| 4:38 | Crear | Villager (Male) |
| 4:38 | Crear | Villager (Male) |
| 5:22 | Construir | Settlement |
| 5:29 | Crear | Villager (Male) |
| 5:29 | Crear | Villager (Male) |
| 5:42 | Crear | Villager (Male) |
| 6:03 | Crear | Villager (Male) |
| 6:48 | Crear | Villager (Male) |
| 7:02 | Construir | House |
| 7:14 | Construir | House |
| 7:18 | Crear | Villager (Male) |
| 7:41 | Construir | Settlement |
| 7:47 | Crear | Villager (Male) |
| 8:03 | Crear | Villager (Male) |
| 8:19 | Crear | Villager (Male) |
| 9:08 | Crear | Villager (Male) |
| 9:17 | Construir | Settlement |
| 9:25 | Crear | Villager (Male) |
| 9:55 | Construir | Palisade Wall |
| 9:57 | Construir | Palisade Wall |
| 9:59 | Construir | Palisade Wall |
| 10:02 | Crear | Villager (Male) |
| 10:24 | Crear | Villager (Male) |
| 10:47 | Construir | Palisade Gate |
| 10:48 | Construir | Palisade Wall |
| 10:50 | Construir | Palisade Wall |
| 10:53 | Crear | Villager (Male) |
| 11:08 | Construir | Palisade Wall |
| 11:15 | Crear | Villager (Male) |
| 11:21 | Construir | Palisade Wall |
| 11:25 | Construir | Palisade Wall |
| 11:46 | Investigar | Feudal Age |
| 12:55 | Crear | Villager (Male) |
| 12:56 | Crear | Villager (Male) |
| 12:56 | Crear | Villager (Male) |
| 13:04 | Construir | House |
| 13:26 | Construir | House |
| 13:45 | Construir | House |
| 13:56 | Edad | Edad Feudal |
| 14:01 | Construir | Market |
| 14:04 | Construir | Blacksmith |
| 14:54 | Construir | Settlement |
| 15:09 | Investigar | Castle Age |
| 15:14 | Construir | Palisade Gate |
| 15:29 | Investigar | Double-Bit Axe |
| 15:48 | Construir | Palisade Wall |
| 15:50 | Construir | Palisade Wall |
| 15:52 | Construir | Palisade Wall |
| 15:55 | Construir | Palisade Wall |
| 16:16 | Construir | Barracks |
| 16:24 | Crear | Villager (Male) |
| 16:30 | Investigar | Gold Mining |
| 16:40 | Investigar | Horse Collar |
| 17:17 | Construir | Archery Range |
| 17:30 | Crear | Villager (Male) |
| 17:37 | Construir | Archery Range |
| 17:40 | Construir | Archery Range |
| 17:51 | Edad | Edad de los Castillos |
| 18:01 | Crear | Villager (Male) |
| 18:09 | Investigar | Loom |
| 18:23 | Construir | Town Center |
| 18:34 | Crear | Bolas Rider |
| 18:35 | Crear | Bolas Rider |
| 18:43 | Crear | Bolas Rider |
| 18:48 | Crear | Villager (Male) |
| 18:50 | Investigar | Fletching |
| 18:50 | Investigar | Fletching |
| 18:57 | Crear | Villager (Male) |
| 19:11 | Crear | Bolas Rider |
| 19:23 | Crear | Bolas Rider |
| 19:25 | Crear | Villager (Male) |
| 19:34 | Crear | Bolas Rider |
| 19:40 | Crear | Villager (Male) |
| 19:47 | Crear | Bolas Rider |
| 19:54 | Crear | Villager (Male) |
| 20:01 | Crear | Bolas Rider |
| 20:10 | Crear | Villager (Male) |
| 20:28 | Construir | Town Center |
| 20:36 | Crear | Villager (Male) |
| 20:39 | Crear | Bolas Rider |
| 20:50 | Crear | Villager (Male) |
| 20:52 | Construir | Farm |
| 21:12 | Crear | Villager (Male) |
| 21:14 | Construir | Farm |
| 21:14 | Construir | Farm |
| 21:23 | Crear | Villager (Male) |
| 21:37 | Crear | Villager (Male) |
| 21:49 | Crear | Villager (Male) |
| 22:02 | Crear | Bolas Rider |
| 22:22 | Crear | Villager (Male) |
| 22:23 | Crear | Villager (Male) |
| 22:29 | Crear | Villager (Male) |
| 22:35 | Construir | House |
| 22:35 | Construir | House |
| 22:36 | Construir | House |
| 22:42 | Construir | Farm |
| 22:42 | Construir | Farm |
| 22:44 | Construir | Farm |
| 22:48 | Crear | Bolas Rider |
| 22:48 | Crear | Bolas Rider |
| 22:58 | Crear | Villager (Male) |
| 23:00 | Crear | Bolas Rider |
| 23:04 | Crear | Bolas Rider |
| 23:06 | Construir | Farm |
| 23:07 | Crear | Villager (Male) |
| 23:12 | Crear | Bolas Rider |
| 23:21 | Investigar | Bodkin Arrow |
| 23:32 | Crear | Villager (Male) |
| 23:35 | Construir | Farm |
| 23:35 | Construir | Farm |
| 23:41 | Construir | Settlement |
| 24:09 | Crear | Villager (Male) |
| 24:11 | Crear | Bolas Rider |
| 24:13 | Crear | Villager (Male) |
| 24:14 | Crear | Villager (Male) |
| 24:15 | Crear | Villager (Male) |
| 24:18 | Construir | Farm |
| 24:27 | Crear | Bolas Rider |
| 24:31 | Construir | House |
| 24:32 | Construir | House |
| 24:40 | Investigar | Padded Archer Armor |
| 24:48 | Crear | Villager (Male) |
| 24:49 | Crear | Villager (Male) |
| 24:50 | Crear | Bolas Rider |
| 25:07 | Crear | Bolas Rider |
| 25:08 | Crear | Bolas Rider |
| 25:20 | Crear | Villager (Male) |
| 25:21 | Crear | Villager (Male) |
| 25:21 | Crear | Villager (Male) |
| 25:37 | Crear | Villager (Male) |
| 25:38 | Crear | Villager (Male) |
| 25:39 | Crear | Villager (Male) |
| 25:53 | Crear | Villager (Male) |
| 25:55 | Crear | Villager (Male) |
| 26:01 | Crear | Villager (Male) |
| 26:06 | Construir | Town Center |
| 26:09 | Crear | Villager (Male) |
| 26:10 | Crear | Villager (Male) |
| 26:19 | Construir | University |
| 26:20 | Crear | Bolas Rider |
Build order — _TieuQuy
Primeras 150 de 267 acciones detectadas
| 1:46 | Construir | Town Center |
| 4:07 | Investigar | Loom |
| 4:07 | Investigar | Loom |
| 4:28 | Crear | Villager (Male) |
| 4:29 | Crear | Villager (Male) |
| 4:56 | Crear | Villager (Male) |
| 4:56 | Crear | Villager (Male) |
| 5:10 | Crear | Villager (Male) |
| 5:10 | Crear | Villager (Male) |
| 5:34 | Crear | Villager (Male) |
| 5:34 | Crear | Villager (Male) |
| 5:51 | Construir | Lumber Camp |
| 6:05 | Crear | Villager (Male) |
| 6:05 | Crear | Villager (Male) |
| 6:06 | Crear | Villager (Male) |
| 6:36 | Crear | Villager (Male) |
| 6:36 | Crear | Villager (Male) |
| 7:10 | Crear | Villager (Male) |
| 7:18 | Crear | Villager (Male) |
| 7:18 | Crear | Villager (Male) |
| 7:18 | Crear | Villager (Male) |
| 7:33 | Construir | House |
| 8:24 | Crear | Villager (Male) |
| 8:40 | Construir | Mill |
| 8:55 | Crear | Villager (Male) |
| 9:14 | Crear | Villager (Male) |
| 9:38 | Construir | House |
| 9:42 | Crear | Villager (Male) |
| 9:58 | Construir | House |
| 10:08 | Crear | Villager (Male) |
| 10:32 | Construir | Mining Camp |
| 10:36 | Construir | Palisade Wall |
| 10:42 | Construir | Palisade Wall |
| 10:48 | Crear | Villager (Male) |
| 11:09 | Investigar | Feudal Age |
| 11:09 | Investigar | Feudal Age |
| 12:07 | Crear | Villager (Male) |
| 12:09 | Crear | Villager (Male) |
| 13:23 | Edad | Edad Feudal |
| 13:25 | Construir | Blacksmith |
| 13:28 | Construir | Market |
| 14:25 | Investigar | Castle Age |
| 14:25 | Investigar | Castle Age |
| 15:09 | Investigar | Double-Bit Axe |
| 15:09 | Investigar | Double-Bit Axe |
| 15:38 | Construir | Palisade Wall |
| 15:54 | Crear | Villager (Male) |
| 17:05 | Edad | Edad de los Castillos |
| 17:08 | Construir | Castle |
| 17:11 | Investigar | Bow Saw |
| 17:11 | Investigar | Bow Saw |
| 17:11 | Investigar | Bow Saw |
| 17:16 | Crear | Villager (Male) |
| 17:34 | Crear | Villager (Male) |
| 17:58 | Construir | Town Center |
| 18:01 | Crear | Villager (Male) |
| 18:25 | Crear | Villager (Male) |
| 18:40 | Crear | Villager (Male) |
| 19:07 | Crear | Villager (Male) |
| 19:16 | Crear | Villager (Male) |
| 19:16 | Crear | Villager (Male) |
| 19:20 | Construir | Farm |
| 19:21 | Construir | Farm |
| 19:26 | Crear | Villager (Male) |
| 19:31 | Construir | Town Center |
| 20:00 | Crear | Villager (Male) ×3 |
| 20:00 | Crear | Villager (Male) ×3 |
| 20:07 | Construir | Farm |
| 20:13 | Construir | Farm |
| 20:16 | Construir | Farm |
| 20:17 | Crear | Villager (Male) |
| 20:34 | Crear | Villager (Male) |
| 20:34 | Crear | Villager (Male) |
| 20:42 | Crear | Villager (Male) |
| 20:44 | Crear | Chu Ko Nu |
| 20:44 | Crear | Chu Ko Nu |
| 20:50 | Crear | Villager (Male) |
| 20:50 | Crear | Villager (Male) |
| 20:54 | Construir | Farm |
| 20:56 | Construir | Farm |
| 21:11 | Crear | Chu Ko Nu |
| 21:12 | Crear | Chu Ko Nu |
| 21:12 | Crear | Chu Ko Nu |
| 21:17 | Crear | Villager (Male) |
| 21:18 | Crear | Villager (Male) |
| 21:29 | Crear | Villager (Male) |
| 21:29 | Crear | Villager (Male) |
| 21:41 | Crear | Chu Ko Nu |
| 21:41 | Crear | Villager (Male) ×2 |
| 21:42 | Crear | Villager (Male) ×2 |
| 21:47 | Construir | Farm |
| 21:59 | Investigar | Fletching |
| 21:59 | Investigar | Fletching |
| 22:00 | Crear | Villager (Male) |
| 22:05 | Crear | Chu Ko Nu |
| 22:06 | Crear | Villager (Male) |
| 22:06 | Crear | Villager (Male) |
| 22:15 | Crear | Villager (Male) |
| 22:15 | Crear | Villager (Male) |
| 22:20 | Crear | Chu Ko Nu |
| 22:20 | Crear | Villager (Male) ×2 |
| 22:20 | Crear | Villager (Male) ×2 |
| 22:34 | Crear | Chu Ko Nu |
| 22:43 | Construir | Farm |
| 22:49 | Construir | Farm |
| 22:57 | Crear | Chu Ko Nu |
| 22:58 | Crear | Villager (Male) ×3 |
| 23:13 | Crear | Chu Ko Nu |
| 23:14 | Crear | Villager (Male) |
| 23:31 | Crear | Villager (Male) |
| 23:32 | Crear | Villager (Male) |
| 23:39 | Crear | Villager (Male) |
| 23:43 | Construir | Mill |
| 23:45 | Crear | Villager (Male) |
| 23:46 | Crear | Villager (Male) |
| 23:49 | Crear | Chu Ko Nu |
| 23:50 | Crear | Chu Ko Nu |
| 23:50 | Crear | Chu Ko Nu |
| 23:57 | Crear | Villager (Male) ×3 |
| 24:13 | Construir | Farm |
| 24:13 | Construir | Farm |
| 24:17 | Crear | Villager (Male) ×4 |
| 24:31 | Crear | Chu Ko Nu |
| 24:34 | Crear | Villager (Male) |
| 24:54 | Crear | Villager (Male) ×3 |
| 24:54 | Crear | Villager (Male) ×3 |
| 25:06 | Crear | Villager (Male) |
| 25:13 | Crear | Villager (Male) |
| 25:14 | Crear | Chu Ko Nu |
| 25:15 | Crear | Chu Ko Nu |
| 25:19 | Crear | Villager (Male) ×3 |
| 25:26 | Construir | Farm |
| 25:26 | Construir | Farm |
| 25:38 | Construir | Farm |
| 25:39 | Construir | Farm |
| 25:42 | Crear | Chu Ko Nu |
| 25:42 | Crear | Chu Ko Nu |
| 25:43 | Crear | Villager (Male) ×3 |
| 25:51 | Investigar | Bodkin Arrow |
| 25:51 | Investigar | Bodkin Arrow |
| 25:51 | Investigar | Bodkin Arrow |
| 25:54 | Crear | Villager (Male) |
| 25:54 | Crear | Villager (Male) |
| 25:55 | Crear | Chu Ko Nu |
| 25:55 | Crear | Chu Ko Nu |
| 26:11 | Crear | Villager (Male) ×2 |
| 26:14 | Construir | House |
| 26:17 | Construir | Farm |
| 26:18 | Construir | Farm |
| 26:23 | Construir | House |
Build order — 0.o
Primeras 150 de 223 acciones detectadas
| 0:07 | Construir | Town Center |
| 2:26 | Crear | Villager (Male) |
| 2:26 | Crear | Villager (Male) |
| 2:26 | Crear | Villager (Male) |
| 2:27 | Crear | Villager (Male) |
| 2:27 | Crear | Villager (Male) |
| 2:27 | Crear | Villager (Male) |
| 2:35 | Construir | House |
| 3:11 | Construir | House |
| 3:25 | Construir | House |
| 3:29 | Crear | Villager (Male) |
| 3:38 | Construir | House |
| 3:51 | Crear | Villager (Male) |
| 4:15 | Construir | House |
| 4:18 | Construir | Lumber Camp |
| 4:29 | Construir | Lumber Camp |
| 4:35 | Crear | Villager (Male) |
| 4:36 | Crear | Villager (Male) |
| 5:19 | Crear | Villager (Male) |
| 5:20 | Crear | Villager (Male) |
| 5:24 | Construir | House |
| 5:43 | Crear | Villager (Male) |
| 6:16 | Crear | Villager (Male) |
| 6:18 | Crear | Villager (Male) |
| 6:42 | Crear | Villager (Male) |
| 6:42 | Crear | Villager (Male) |
| 6:52 | Construir | Mill |
| 7:00 | Crear | Villager (Male) |
| 7:00 | Crear | Villager (Male) |
| 7:12 | Construir | House |
| 8:24 | Crear | Villager (Male) |
| 8:56 | Investigar | Loom |
| 9:00 | Investigar | Feudal Age |
| 9:02 | Investigar | Loom |
| 9:46 | Construir | Barracks |
| 10:22 | Construir | House |
| 10:35 | Construir | House |
| 10:44 | Construir | House |
| 10:58 | Construir | House |
| 11:16 | Edad | Edad Feudal |
| 11:24 | Construir | Stable |
| 11:25 | Crear | Villager (Male) |
| 11:32 | Investigar | Double-Bit Axe |
| 11:32 | Investigar | Double-Bit Axe |
| 11:48 | Crear | Villager (Male) |
| 11:49 | Crear | Villager (Male) |
| 12:08 | Crear | Scout Cavalry |
| 12:08 | Crear | Scout Cavalry |
| 12:08 | Crear | Scout Cavalry |
| 12:09 | Crear | Scout Cavalry |
| 12:11 | Crear | Villager (Male) |
| 12:21 | Investigar | Horse Collar |
| 12:24 | Crear | Villager (Male) |
| 12:25 | Crear | Villager (Male) |
| 12:48 | Crear | Scout Cavalry |
| 13:15 | Crear | Scout Cavalry |
| 13:35 | Crear | Villager (Male) |
| 13:36 | Crear | Villager (Male) |
| 13:37 | Construir | Farm |
| 13:38 | Construir | Farm |
| 13:39 | Construir | Farm |
| 14:08 | Crear | Villager (Male) |
| 14:12 | Crear | Scout Cavalry |
| 14:24 | Construir | Watch Tower |
| 14:26 | Crear | Villager (Male) |
| 14:34 | Crear | Scout Cavalry |
| 14:39 | Construir | Farm |
| 14:40 | Construir | Farm |
| 14:42 | Construir | House |
| 14:47 | Construir | Lumber Camp |
| 15:08 | Crear | Scout Cavalry |
| 15:30 | Crear | Villager (Male) |
| 15:40 | Crear | Scout Cavalry |
| 15:41 | Crear | Villager (Male) |
| 15:59 | Crear | Villager (Male) |
| 16:00 | Crear | Villager (Male) |
| 16:04 | Construir | House |
| 16:06 | Construir | Mining Camp |
| 16:13 | Construir | House |
| 16:14 | Construir | House |
| 16:43 | Investigar | Wheelbarrow |
| 17:26 | Construir | House |
| 17:32 | Crear | Villager (Male) |
| 17:41 | Construir | House |
| 17:49 | Construir | Blacksmith |
| 18:28 | Construir | Watch Tower |
| 18:45 | Crear | Villager (Male) |
| 18:47 | Construir | Mining Camp |
| 18:56 | Investigar | Fletching |
| 18:57 | Investigar | Scale Barding Armor |
| 19:28 | Crear | Villager (Male) |
| 19:33 | Crear | Villager (Male) |
| 19:51 | Crear | Villager (Male) |
| 20:15 | Crear | Villager (Male) |
| 20:25 | Crear | Villager (Male) |
| 20:28 | Construir | Farm |
| 20:30 | Construir | Farm |
| 21:01 | Crear | Villager (Male) |
| 21:02 | Construir | Farm |
| 21:07 | Construir | Mining Camp |
| 21:26 | Construir | Farm |
| 21:29 | Construir | Market |
| 21:55 | Crear | Villager (Male) |
| 22:02 | Crear | Villager (Male) |
| 22:59 | Investigar | Castle Age |
| 22:59 | Investigar | Castle Age |
| 23:07 | Crear | Scout Cavalry |
| 23:32 | Investigar | Bloodlines |
| 23:33 | Investigar | Bloodlines |
| 23:41 | Construir | Stable |
| 23:49 | Construir | Farm |
| 23:52 | Construir | Farm |
| 24:20 | Crear | Villager (Male) |
| 25:28 | Crear | Villager (Male) |
| 25:39 | Edad | Edad de los Castillos |
| 25:47 | Construir | Siege Workshop |
| 25:51 | Crear | Scout Cavalry |
| 25:52 | Crear | Scout Cavalry |
| 25:52 | Crear | Scout Cavalry |
| 25:52 | Crear | Scout Cavalry |
| 25:56 | Crear | Villager (Male) |
| 26:08 | Construir | Monastery |
| 26:32 | Investigar | Light Cavalry (upgrade) |
| 26:33 | Investigar | Chain Barding Armor |
| 26:34 | Investigar | Chain Barding Armor |
| 26:35 | Crear | Villager (Male) |
| 26:37 | Construir | Farm |
| 26:38 | Construir | Farm |
| 26:39 | Crear | Villager (Male) |
| 26:50 | Crear | Scorpion |
| 26:50 | Crear | Scorpion |
| 26:53 | Construir | House |
| 27:11 | Construir | House |
| 27:15 | Construir | House |
| 27:16 | Construir | House |
| 27:16 | Crear | Monk |
| 27:24 | Investigar | Husbandry |
| 27:24 | Investigar | Husbandry |
| 27:24 | Crear | Scout Cavalry |
| 27:25 | Crear | Villager (Male) |
| 27:28 | Construir | House |
| 27:29 | Construir | House |
| 27:32 | Crear | Monk |
| 27:33 | Crear | Battering Ram |
| 27:34 | Crear | Villager (Male) |
| 27:48 | Crear | Villager (Male) |
| 27:59 | Crear | Monk |
| 28:00 | Crear | Villager (Male) |
| 28:22 | Construir | Castle |
| 28:32 | Construir | House |
Build order — Long-Long-Way
Primeras 150 de 212 acciones detectadas
| 0:48 | Construir | Town Center |
| 2:31 | Construir | House |
| 2:50 | Crear | Villager (Male) |
| 2:51 | Crear | Villager (Male) |
| 2:58 | Crear | Villager (Male) |
| 2:59 | Crear | Villager (Male) |
| 3:39 | Construir | House |
| 3:54 | Crear | Villager (Male) |
| 3:55 | Crear | Villager (Male) |
| 4:22 | Crear | Villager (Male) |
| 4:22 | Crear | Villager (Male) |
| 4:48 | Construir | House |
| 5:00 | Crear | Villager (Male) |
| 5:00 | Crear | Villager (Male) |
| 5:04 | Construir | Lumber Camp |
| 5:20 | Construir | House |
| 5:36 | Crear | Villager (Male) |
| 5:37 | Crear | Villager (Male) |
| 6:46 | Crear | Villager (Male) |
| 6:46 | Crear | Villager (Male) |
| 6:51 | Construir | House |
| 7:18 | Crear | Villager (Male) |
| 7:19 | Crear | Villager (Male) |
| 7:19 | Crear | Villager (Male) |
| 7:25 | Construir | Palisade Wall |
| 7:52 | Construir | Dock |
| 8:03 | Construir | Palisade Wall |
| 8:04 | Construir | Palisade Wall |
| 8:12 | Crear | Villager (Male) |
| 8:12 | Crear | Villager (Male) |
| 8:17 | Crear | Fishing Ship |
| 8:53 | Construir | House |
| 8:55 | Crear | Villager (Male) |
| 8:55 | Crear | Villager (Male) |
| 9:05 | Crear | Fishing Ship |
| 9:36 | Crear | Fishing Ship |
| 9:46 | Construir | House |
| 9:54 | Crear | Villager (Male) |
| 9:54 | Crear | Villager (Male) |
| 9:54 | Crear | Villager (Male) |
| 9:54 | Crear | Villager (Male) |
| 10:07 | Crear | Villager (Male) |
| 10:51 | Construir | House |
| 10:53 | Construir | Palisade Wall |
| 10:55 | Construir | Palisade Wall |
| 11:01 | Crear | Villager (Male) |
| 11:03 | Crear | Fishing Ship |
| 11:29 | Construir | Mill |
| 11:33 | Crear | Villager (Male) |
| 11:50 | Crear | Villager (Male) |
| 11:54 | Investigar | Loom |
| 12:04 | Construir | Palisade Gate |
| 12:07 | Construir | Palisade Wall |
| 12:14 | Construir | Palisade Wall |
| 12:27 | Construir | Farm |
| 12:47 | Construir | Mining Camp |
| 12:54 | Crear | Villager (Male) |
| 13:16 | Investigar | Feudal Age |
| 13:59 | Construir | Palisade Gate |
| 14:20 | Construir | Farm |
| 14:27 | Construir | Palisade Gate |
| 14:52 | Construir | Farm |
| 15:49 | Edad | Edad Feudal |
| 15:52 | Construir | House |
| 15:53 | Crear | Villager (Male) |
| 16:02 | Construir | Market |
| 16:28 | Construir | House |
| 16:36 | Crear | Villager (Male) |
| 16:51 | Construir | Watch Tower |
| 17:20 | Construir | Blacksmith |
| 17:29 | Construir | House |
| 17:53 | Investigar | Castle Age |
| 18:09 | Construir | House |
| 18:12 | Construir | House |
| 18:49 | Construir | Farm |
| 18:52 | Construir | Farm |
| 18:58 | Investigar | Fletching |
| 18:58 | Investigar | Fletching |
| 19:37 | Construir | Mining Camp |
| 20:24 | Construir | Lumber Camp |
| 20:26 | Investigar | Double-Bit Axe |
| 20:33 | Edad | Edad de los Castillos |
| 20:58 | Crear | Villager (Male) |
| 21:02 | Construir | Farm |
| 21:39 | Construir | Castle |
| 21:50 | Construir | House |
| 21:53 | Crear | Villager (Male) |
| 22:45 | Crear | Kipchak |
| 22:46 | Crear | Villager (Male) |
| 23:06 | Construir | Farm |
| 23:08 | Construir | Farm |
| 23:10 | Construir | Farm |
| 23:12 | Crear | Kipchak |
| 23:27 | Crear | Villager (Male) |
| 23:27 | Crear | Villager (Male) |
| 23:35 | Construir | Town Center |
| 23:46 | Crear | Kipchak |
| 23:48 | Crear | Villager (Male) |
| 24:04 | Crear | Villager (Male) |
| 24:08 | Construir | Fish Trap |
| 24:16 | Construir | Fish Trap |
| 24:20 | Construir | Fish Trap |
| 24:26 | Crear | Kipchak |
| 24:35 | Construir | Fish Trap |
| 24:42 | Crear | Villager (Male) ×2 |
| 24:49 | Crear | Kipchak |
| 25:08 | Crear | Fishing Ship |
| 25:13 | Construir | House |
| 25:14 | Crear | Villager (Male) |
| 25:15 | Crear | Villager (Male) |
| 25:32 | Crear | Kipchak |
| 25:34 | Crear | Villager (Male) |
| 25:47 | Crear | Kipchak |
| 25:49 | Crear | Villager (Male) |
| 25:54 | Construir | House |
| 25:55 | Construir | House |
| 25:59 | Crear | Villager (Male) |
| 25:59 | Crear | Kipchak |
| 26:04 | Construir | Farm |
| 26:22 | Crear | Villager (Male) ×2 |
| 26:27 | Crear | Kipchak |
| 26:35 | Crear | Villager (Male) |
| 26:38 | Construir | Farm |
| 26:44 | Crear | Kipchak |
| 26:51 | Crear | Kipchak |
| 26:56 | Crear | Villager (Male) |
| 27:04 | Construir | Lumber Camp |
| 27:18 | Investigar | Padded Archer Armor |
| 27:19 | Crear | Villager (Male) |
| 27:23 | Construir | House |
| 27:24 | Construir | House |
| 27:24 | Construir | House |
| 27:50 | Crear | Kipchak |
| 27:57 | Crear | Villager (Male) |
| 27:59 | Investigar | Bow Saw |
| 28:11 | Crear | Kipchak |
| 28:12 | Crear | Villager (Male) |
| 28:13 | Crear | Villager (Male) |
| 28:13 | Crear | Villager (Male) |
| 28:17 | Construir | Fish Trap |
| 28:18 | Crear | Villager (Male) |
| 28:33 | Crear | Villager (Male) |
| 28:33 | Crear | Villager (Male) |
| 28:35 | Crear | Kipchak |
| 28:51 | Crear | Kipchak |
| 29:01 | Crear | Kipchak |
| 29:03 | Crear | Villager (Male) ×3 |
| 29:10 | Construir | Town Center |
| 29:19 | Crear | Villager (Male) |
| 29:20 | Crear | Kipchak |
Cronología de la partida
| 7:25 | Long-Long-Way · wall_segment Palisade Wall x5 |
| 7:52 | Long-Long-Way · first_building Dock |
| 8:03 | Long-Long-Way · wall_segment Palisade Wall x1 |
| 8:04 | Long-Long-Way · wall_segment Palisade Wall x1 |
| 8:35 | 一坑三实力 · first_building Dock |
| 8:59 | UrielFlocru · first_building Dock |
| 9:46 | 0.o · first_building Barracks |
| 9:55 | 一剑扫秋风nelson · wall_segment Palisade Wall x12 |
| 9:57 | 一剑扫秋风nelson · wall_segment Palisade Wall x4 |
| 9:59 | 一剑扫秋风nelson · wall_segment Palisade Wall x3 |
| 10:36 | _TieuQuy · wall_segment Palisade Wall x7 |
| 10:42 | _TieuQuy · wall_segment Palisade Wall x4 |
| 10:48 | 一剑扫秋风nelson · wall_segment Palisade Wall x1 |
| 10:50 | 一剑扫秋风nelson · wall_segment Palisade Wall x1 |
| 10:53 | Long-Long-Way · wall_segment Palisade Wall x2 |
| 10:55 | Long-Long-Way · wall_segment Palisade Wall x3 |
| 11:08 | 一剑扫秋风nelson · wall_segment Palisade Wall x10 |
| 11:16 | 0.o · age_up feudal |
| 11:21 | 一剑扫秋风nelson · wall_segment Palisade Wall x6 |
| 11:24 | 0.o · first_building Stable |
| 11:25 | 一剑扫秋风nelson · wall_segment Palisade Wall x11 |
| 11:56 | 穿吊尬開瑪莎 · first_building Barracks |
| 12:07 | Long-Long-Way · wall_segment Palisade Wall x1 |
| 12:14 | Long-Long-Way · wall_segment Palisade Wall x8 |
| 13:00 | 一坑三实力 · age_up feudal |
| 13:02 | 穿吊尬開瑪莎 · age_up feudal |
| 13:04 | 穿吊尬開瑪莎 · first_building Stable |
| 13:23 | _TieuQuy · age_up feudal |
| 13:47 | UrielFlocru · age_up feudal |
| 13:56 | 一剑扫秋风nelson · age_up feudal |
| 14:05 | Nheltarion · age_up feudal |
| 14:22 | _TieuQuy · first_market_sell 100 stone |
| 14:41 | 一坑三实力 · wall_segment Palisade Wall x11 |
| 15:29 | UrielFlocru · first_building Barracks |
| 15:32 | 穿吊尬開瑪莎 · first_building Archery Range |
| 15:38 | _TieuQuy · wall_segment Palisade Wall x1 |
| 15:48 | 一剑扫秋风nelson · wall_segment Palisade Wall x1 |
| 15:49 | Long-Long-Way · age_up feudal |
| 15:50 | 一剑扫秋风nelson · wall_segment Palisade Wall x1 |
| 15:52 | 一剑扫秋风nelson · wall_segment Palisade Wall x1 |
| 15:55 | 一剑扫秋风nelson · wall_segment Palisade Wall x1 |
| 15:55 | Nheltarion · wall_segment Palisade Wall x3 |
| 16:03 | Nheltarion · wall_segment Palisade Wall x3 |
| 16:16 | 一剑扫秋风nelson · first_building Barracks |
| 16:33 | 一坑三实力 · age_up castle |
| 16:35 | 穿吊尬開瑪莎 · wall_segment Palisade Wall x3 |
| 16:36 | 穿吊尬開瑪莎 · wall_segment Palisade Wall x2 |
| 16:37 | 穿吊尬開瑪莎 · wall_segment Palisade Wall x2 |
| 16:41 | 穿吊尬開瑪莎 · wall_segment Palisade Wall x4 |
| 16:46 | 穿吊尬開瑪莎 · age_up castle |
| 17:05 | _TieuQuy · age_up castle |
| 17:08 | _TieuQuy · first_building Castle |
| 17:16 | UrielFlocru · wall_segment Palisade Wall x1 |
| 17:17 | 一剑扫秋风nelson · first_building Archery Range |
| 17:18 | UrielFlocru · wall_segment Palisade Wall x1 |
| 17:30 | UrielFlocru · first_building Stable |
| 17:46 | Nheltarion · age_up castle |
| 17:51 | 一剑扫秋风nelson · age_up castle |
| 17:51 | UrielFlocru · age_up castle |
| 18:08 | Nheltarion · first_market_buy 100 wood |
| 19:48 | Nheltarion · first_building Barracks |
| 20:32 | Nheltarion · wall_segment Stone Wall x1 |
| 20:33 | Long-Long-Way · age_up castle |
| 21:21 | Nheltarion · first_building Archery Range |
| 21:39 | Long-Long-Way · first_building Castle |
| 21:40 | UrielFlocru · first_market_buy 100 food |
| 21:58 | _TieuQuy · first_market_buy 100 food |
| 23:12 | UrielFlocru · wall_segment Palisade Wall x2 |
| 23:50 | Nheltarion · wall_segment Palisade Wall x1 |
| 24:07 | 穿吊尬開瑪莎 · first_market_buy 100 food |
| 24:08 | 穿吊尬開瑪莎 · first_market_sell 100 wood |
| 25:17 | 一坑三实力 · first_building Stable |
| 25:39 | 0.o · age_up castle |
| 25:47 | 0.o · first_building Siege Workshop |
| 26:08 | 0.o · first_building Monastery |
| 28:22 | 0.o · first_building Castle |
| 28:50 | 一坑三实力 · age_up imperial |
| 29:32 | UrielFlocru · wall_segment Palisade Wall x1 |
| 30:05 | Long-Long-Way · first_market_buy 100 food |
| 30:28 | 一剑扫秋风nelson · first_building Monastery |
| 30:38 | UrielFlocru · first_market_sell 500 stone |
| 30:39 | Long-Long-Way · first_building Siege Workshop |
| 31:08 | 0.o · first_market_buy 100 wood |
| 31:12 | 一剑扫秋风nelson · first_building Castle |
| 31:19 | UrielFlocru · wall_segment Stone Wall x2 |
| 31:22 | UrielFlocru · wall_segment Stone Wall x2 |
| 32:25 | _TieuQuy · first_building Barracks |
| 32:35 | UrielFlocru · first_building Castle |
| 32:40 | UrielFlocru · wall_segment Stone Wall x1 |
| 33:00 | UrielFlocru · wall_segment Stone Wall x1 |
| 33:30 | _TieuQuy · first_building Archery Range |
| 33:41 | Nheltarion · first_building Castle |
| 33:51 | Nheltarion · first_building Stable |
| 34:13 | 一坑三实力 · first_building Siege Workshop |
| 34:21 | _TieuQuy · age_up imperial |
| 34:41 | _TieuQuy · resign |
[ ANÁLISIS IA · 1 CRÉDITO ]
¿Qué pasó realmente en esta partida?
Wolo.gg analiza cada decisión: build order, eco, micro, errores típicos por bracket. Análisis personalizado por WhatsApp o Discord en 30 segundos.
Guía civ
Jemeres
Perfil
一坑三实力